[Event "Early-Titled-Tuesday-Blitz-February-27-2024"]
[Site "Chess.com"]
[Date "2024.02.27"]
[Round "9"]
[White "Anton_Demchenko"]
[Black "bulletteemo"]
[Result "0-1"]
[WhiteElo "2860"]
[BlackElo "2580"]
[TimeControl "180+1"]
[EndTime "9:44:33 PST"]
[Termination "bulletteemo won by checkmate"]

1. e4 c5 2. Nf3 d6 3. d4 cxd4 4. Qxd4 Nf6 5. Bg5 e5 6. Qe3 Nc6 7. c4 Be6 8. Nc3 Be7 9. Qd2 O-O 10. h3 a6 11. Be2 Qa5 12. O-O Rfd8 13. Rfd1 Kf8 14.
a3 Nd4 15. b4 Nxe2+ 16. Qxe2 Qc7 17. Bxf6 Bxf6 18. Nd5 Bxd5 19. Rxd5 Rac8 20. Rc1 Be7 21.
a4 Qb6 22. Qb2 Rc6 23. b5 Rc5 24. Rxc5 Qxc5 25. Qb3 Rc8 26. Rc2 Bd8 27. g3 Bb6 28. Kg2 axb5 29. axb5 Ra8 30. Ra2 Rc8 31. Nd2 Qxf2+ 32.
Kh1 Qg1# 0-1

[Event "Early-Titled-Tuesday-Blitz-February-27-2024"]
[Site "Chess.com"]
[Date "2024.02.27"]
[Round "9"]
[White "Ishowmoves57"]
[Black "agvania123"]
[Result "1/2-1/2"]
[WhiteElo "2179"]
[BlackElo "2394"]
[TimeControl "180+1"]
[EndTime "9:44:33 PST"]
[Termination "Game drawn by stalemate"]

1. e4 d5 2. exd5 Qxd5 3. Nc3 Qd8 4. d4 Nf6 5. Bc4 a6 6. Nf3 b5 7. Bb3 c5 8. dxc5 Qxd1+ 9. Nxd1 e6 10. Be3 Nfd7 11.
Nc3 Bxc5 12. Bxc5 Nxc5 13. O-O-O Bb7 14. Ne5 Nc6 15. Nxc6 Bxc6 16. f3 Nxb3+ 17. axb3 Ke7 18. Rd2 Rad8 19. Rhd1 Rxd2 20. Rxd2 Rd8 21. Rxd8 Kxd8 22. Kd2 Ke7 23. Ke3 Kd6 24. Ne4+ Bxe4 25. Kxe4 f5+ 26.
Ke3 e5 27. b4 Kd5 28. b3 e4 29. fxe4+ fxe4 30. c3 h5 31. h4 g6 32. g3 Ke5 33. c4 Kf5 34. c5 Ke5 35. c6 Kd6 36. Kxe4 Kxc6 37. Ke5 Kb6 38. Kf6 a5 39. bxa5+ Kxa5 40. Kxg6 Kb4 41. Kxh5 Kxb3 42. g4 Kc3 43. g5 b4 44. g6 b3 45. g7 b2 46. g8=Q b1=Q 47.
Qg3+ Kd4 48. Qg7+ Kd5 49. Qg5+ Kd4 50. Qf4+ Kd5 51. Kg5 Qg1+ 52. Qg4 Qxg4+ 53. Kxg4 Ke6 54. Kg5 Kf7 55. Kh6 Kg8 56. Kg6 Kh8 57. Kh6 Kg8 58. h5 Kh8 59. Kg6 Kg8 60. h6 Kh8 61. h7 1/2-1/2

[Event "Early-Titled-Tuesday-Blitz-February-27-2024"]
[Site "Chess.com"]
[Date "2024.02.27"]
[Round "9"]
[White "MyDream003"]
[Black "Beca95"]
[Result "0-1"]
[WhiteElo "2727"]
[BlackElo "2914"]
[TimeControl "180+1"]
[EndTime "9:44:34 PST"]
[Termination "Beca95 won on time"]

1. e4 e5 2. Nf3 Nc6 3. Bb5 Nf6 4.
d3 Bc5 5. c3 O-O 6. O-O Re8 7.
Re1 a6 8. Ba4 b5 9. Bb3 d6 10.
h3 h6 11. Nbd2 Bb6 12. a4 Rb8 13. axb5 axb5 14. Nf1 Be6 15. Bxe6 Rxe6 16. Be3 d5 17. Bxb6 Rxb6 18. Qb3 b4 19. Qa4 d4 20. cxd4 Nxd4 21. Nxd4 Qxd4 22. Qb3 Nd7 23. Ra8+ Kh7 24. Rd8 Nc5 25.
Rxd4 Nxb3 26. Rd7 Kg6 27. Rxc7 Rec6 28. Rxc6+ Rxc6 29. Ne3 Nd4 30. Rd1 Ra6 31. Kf1 f6 32.
Nc4 b3 33. Ke1 Kg5 34. g3 h5 35. Kd2 h4 36. Ke3 hxg3 37. fxg3 Ra8 38. Rh1 Rh8 39. Nd6 Kg6 40. h4 Kh5 41. Nf5 Nxf5+ 42. exf5 Kg4 43. d4 exd4+ 44. Kxd4 Kxf5 45. Kc3 Rb8 46. Rd1 Ke4 0-1

[Event "Early-Titled-Tuesday-Blitz-February-27-2024"]
[Site "Chess.com"]
[Date "2024.02.27"]
[Round "9"]
[White "Zheenbekov86"]
[Black "thebeast2900"]
[Result "1-0"]
[WhiteElo "2423"]
[BlackElo "2304"]
[TimeControl "180+1"]
[EndTime "9:44:34 PST"]
[Termination "Zheenbekov86 won by resignation"]

1. Nf3 d5 2. g3 Nf6 3. Bg2 c5 4. O-O Nc6 5. d3 e6 6. Re1 Be7 7. Nbd2 Qc7 8. e4 b6 9. h3 Bb7 10. c3 h6 11. h4 O-O-O 12. Qe2 Rhg8 13. a4 g5 14. hxg5 hxg5 15. Nb3 Ba6 16. e5 Nd7 17. a5 c4 18. axb6 Qxb6 19. Nbd4 cxd3 20. Qd1 Bc5 21. Be3 g4 22. b4 Bxd4 23. Nxd4 Nxd4 24. Bxd4 Qb7 25.
Bf1 Nb6 26. Bxd3 Bxd3 27. Qxd3 Kb8 28. Re2 Rg7 29. Rea2 Rh8 30. Rxa7 Qxa7 31. Rxa7 Kxa7 32. Qb5 Rb8 33. Qa5+ 1-0

[Event "Early-Titled-Tuesday-Blitz-February-27-2024"]
[Site "Chess.com"]
[Date "2024.02.27"]
[Round "9"]
[White "oneshot007"]
[Black "vladgoncharov"]
[Result "0-1"]
[WhiteElo "2467"]
[BlackElo "2644"]
[TimeControl "180+1"]
[EndTime "9:44:35 PST"]
[Termination "vladgoncharov won by checkmate"]

1. e4 e6 2. d4 d5 3. Nc3 Nf6 4. e5 Nfd7 5. Nce2 c5 6. c3 b5 7. Nf3 Nc6 8. Nf4 b4 9. Bd3 a5 10. h4 Ba6 11. Bxa6 Rxa6 12. Ng5 Qe7 13. Be3 Nd8 14. Nf3 h6 15. dxc5 Nxc5 16. cxb4 axb4 17. Rc1 Ne4 18. O-O Qb7 19. Nd4 Be7 20. Qg4 g5 21. hxg5 Nxg5 22. Nh5 Kd7 23. Rfd1 Rxa2 24. Nf6+ Bxf6 25.
exf6 Rxb2 26. Bxg5 hxg5 27. Qxg5 Qb6 28. Nf3 Qxf2# 0-1

[Event "Early-Titled-Tuesday-Blitz-February-27-2024"]
[Site "Chess.com"]
[Date "2024.02.27"]
[Round "9"]
[White "VladimirBugayev"]
[Black "Kostukov_Alex"]
[Result "1-0"]
[WhiteElo "2257"]
[BlackElo "2359"]
[TimeControl "180+1"]
[EndTime "9:44:35 PST"]
[Termination "VladimirBugayev won on time"]

1. e4 c5 2. Nc3 g6 3. Bc4 Bg7 4. h4 h6 5. Qf3 e6 6. d4 cxd4 7. Nb5 d6 8. Bf4 Be5 9. Bxe5 dxe5 10. Qa3 Ne7 11. Nd6+ Kf8 12. f4 Nbc6 13. f5 Qa5+ 14. Qxa5 Nxa5 15. fxg6 Nxg6 16. Bd3 Ke7 17. Nb5 a6 18.
Na3 b5 19. g3 Bd7 20. Nf3 Rag8 21. h5 Nf8 22. Nxe5 Rxg3 23. O-O-O f6 24. Nxd7 Nxd7 25. Nb1 Rhg8 26. Nd2 e5 27. Bf1 Nc5 28. Bh3 Na4 29.
Bf5 Nc4 30. Nf1 Rg2 31. b3 Na3 32. Nd2 Nc3 33. Rdf1 1-0

[Event "Early-Titled-Tuesday-Blitz-February-27-2024"]
[Site "Chess.com"]
[Date "2024.02.27"]
[Round "9"]
[White "Vesapesa"]
[Black "InitiatingASC"]
[Result "0-1"]
[WhiteElo "2231"]
[BlackElo "2363"]
[TimeControl "180+1"]
[EndTime "9:44:35 PST"]
[Termination "InitiatingASC won by resignation"]

1. e4 c5 2. Nf3 Nc6 3. Bb5 Nf6 4. e5 Nd5 5. Nc3 Nc7 6. Bxc6 bxc6 7. O-O g6 8. Re1 Bg7 9. d3 O-O 10. h3 f6 11. Bf4 Ne6 12. Bh2 Nd4 13. Ne4 Nxf3+ 14.
Qxf3 fxe5 15. Qe3 d6 16. h4 Qe8 17. Ng5 Bh6 18. Qe4 Bf5 19. Qc4+ Kh8 20. f4 Bxg5 21. hxg5 exf4 22. Bxf4 Qf7 23. Qc3+ e5 24. Bd2 Qd5 25. Rf1 Kg7 26. Rae1 Rab8 27. Kh2 Rb4 28. g3 Rfb8 29. b3 Rg4 30. Qa5 Qf7 31. Re2 Qb7 32. Ref2 Qb6 33. Qa4 Rxa4 0-1

[Event "Early-Titled-Tuesday-Blitz-February-27-2024"]
[Site "Chess.com"]
[Date "2024.02.27"]
[Round "9"]
[White "hmatyi07"]
[Black "Better_Chess_Faster"]
[Result "0-1"]
[WhiteElo "2288"]
[BlackElo "2175"]
[TimeControl "180+1"]
[EndTime "9:44:35 PST"]
[Termination "Better_Chess_Faster won by resignation"]

1. e4 Nf6 2. e5 Nd5 3. d4 d6 4.
c4 Nb6 5. f4 g6 6. Be3 Bg7 7.
Qd2 Be6 8. d5 Bf5 9. Nf3 Bg4 10.
exd6 Bxf3 11. d7+ Qxd7 12. gxf3 O-O 13. h4 h5 14. Nc3 c6 15. O-O-O cxd5 16. c5 Bxc3 17.
Qxc3 Na4 18. Qb3 Na6 19. Bb5 Qc7 20. Bxa4 Nxc5 21. Bxc5 Qxc5+ 22. Kb1 Rac8 23. Rxd5 Qf2 24. Rhd1 Qxh4 25. Qxb7 Qxf4 26. Qxe7 Qxa4 27. R5d2 Rfe8 28.
Qf6 Qc6 29. Qd4 Red8 30. Qxd8+ Rxd8 31. Rxd8+ Kg7 32. R1d3 h4 33. R8d4 h3 34. Rh4 Qe6 35.
f4 Qe1+ 36. Kc2 Qxh4 0-1

[Event "Early-Titled-Tuesday-Blitz-February-27-2024"]
[Site "Chess.com"]
[Date "2024.02.27"]
[Round "9"]
[White "Slovineanu"]
[Black "bescmelasti"]
[Result "0-1"]
[WhiteElo "2476"]
[BlackElo "2647"]
[TimeControl "180+1"]
[EndTime "9:44:36 PST"]
[Termination "bescmelasti won by resignation"]

1. d4 Nf6 2. Nf3 e6 3. c4 Bb4+ 4. Nbd2 O-O 5. a3 Be7 6. e3 d6 7. Bd3 e5 8. dxe5 dxe5 9. Qc2 Nc6 10. O-O a5 11. b3 Re8 12. Bb2 Bf8 13. Rfd1 Qe7 14.
Ne4 Nd7 15. Nc3 g6 16. Nd5 Qd8 17. h4 Nc5 18. h5 Nxd3 19. Qxd3 Bg4 20. hxg6 hxg6 21.
Qe4 Bf5 22. Qh4 Qxh4 23. Nxh4 Bc2 24. Rdc1 Bxb3 25. Nxc7 e4 26. a4 Nb4 27. Rc3 Bc2 28. Nxa8 Rxa8 29. Ba3 Bg7 30. Bxb4 axb4 31. Rxc2 Bxa1 32.
Ra2 Bf6 33. g3 b3 34. Ra3 b2 35. Rb3 Rxa4 0-1

[Event "Early-Titled-Tuesday-Blitz-February-27-2024"]
[Site "Chess.com"]
[Date "2024.02.27"]
[Round "9"]
[White "ChessLover0108"]
[Black "Rodalquilar"]
[Result "1-0"]
[WhiteElo "2966"]
[BlackElo "2790"]
[TimeControl "180+1"]
[EndTime "9:44:39 PST"]
[Termination "ChessLover0108 won by checkmate"]

1. Nf3 d5 2. d4 Nf6 3. c4 e6 4. e3 Bb4+ 5. Bd2 Be7 6. Bd3 dxc4 7.
Bxc4 b6 8. Nc3 Bb7 9. Qe2 O-O 10. e4 c5 11. dxc5 Bxc5 12. Rd1 Nfd7 13. O-O Qc8 14. Bf4 Nc6 15. Nb5 e5 16. Bg3 Ba6 17. a3 Re8 18. b4 Bf8 19. Qa2 Bxb5 20. Bxb5 Qb7 21. Qd5 Ndb8 22. Nxe5 Rc8 23. Rc1 Rd8 24. Bxc6 Nxc6 25. Qxc6 Qe7 26. Qc4 Rac8 27. Qxc8 Rxc8 28. Rxc8 h5 29. Rd1 h4 30. Rdd8 hxg3 31. Rxf8+ Kh7 32. Rh8# 1-0

[Event "Early-Titled-Tuesday-Blitz-February-27-2024"]
[Site "Chess.com"]
[Date "2024.02.27"]
[Round "9"]
[White "ReinisUz"]
[Black "Zq1"]
[Result "1-0"]
[WhiteElo "2427"]
[BlackElo "2620"]
[TimeControl "180+1"]
[EndTime "9:44:39 PST"]
[Termination "ReinisUz won by resignation"]

1. c4 c5 2. Nc3 b6 3. e3 Bb7 4. d4 cxd4 5. exd4 Nf6 6. b3 e6 7. Bb2 Be7 8. Nf3 O-O 9. Bd3 d5 10. O-O Nc6 11. Rc1 Rc8 12. Qd2 dxc4 13. bxc4 Na5 14.
Ne2 Bxf3 15. gxf3 g6 16. Ng3 Nc6 17. Qe3 Ne8 18. Rfd1 Bf6 19. Bf1 Bg7 20. Ba1 Qh4 21. Qe4 Qxe4 22. fxe4 Nd6 23. d5 Bxa1 24. Rxa1 exd5 25.
cxd5 Ne5 26. f4 Ng4 27. Bh3 h5 28. Bxg4 hxg4 29. e5 Nc4 30. Kf2 Rfd8 31. Ne4 Kg7 32. Nf6 Nb2 33. Rd2 Nc4 34. Re2 Rh8 35. Nxg4 Rh4 36.
Kg3 Rch8 37. Rc1 Rh3+ 38. Kg2 R3h4 39. Rxc4 Rxg4+ 40. Kf3 Rg1 41. Rc7 Kh6 42. Rxf7 Rd8 43. d6 1-0

[Event "Early-Titled-Tuesday-Blitz-February-27-2024"]
[Site "Chess.com"]
[Date "2024.02.27"]
[Round "9"]
[White "Goryachkina"]
[Black "whiteglovethief"]
[Result "1-0"]
[WhiteElo "2684"]
[BlackElo "2505"]
[TimeControl "180+1"]
[EndTime "9:44:43 PST"]
[Termination "Goryachkina won on time"]

1. e4 e6 2. d4 d5 3. Nd2 c5 4.
exd5 exd5 5. Ngf3 Nc6 6. Bb5 Bd6 7. O-O Ne7 8. dxc5 Bxc5 9. Nb3 Bd6 10. Bg5 O-O 11. Re1 Bg4 12. Be2 h6 13. Bh4 Qb6 14.
Bg3 Rad8 15. Bxd6 Rxd6 16. Nfd4 Bc8 17. c3 Nf5 18. Nxf5 Bxf5 19. Bd3 Bxd3 20. Qxd3 d4 21. Rad1 Rfd8 22. c4 Nb4 23. Qd2 Rg6 24. c5 Qc6 25. g3 Nxa2 26. Nxd4 Qxc5 27. Nb3 Rxd2 28. Nxc5 Rxb2 29. Rd8+ Kh7 30. Nd7 h5 31. Nf8+ Kh6 32.
Nxg6 Kxg6 33. Re7 Nc3 34. Rdd7 a5 35. Rxf7 a4 36. Rxg7+ Kf6 37. Rdf7+ Ke6 38. Rxb7 Kd6 39. Rxb2 1-0

[Event "Early-Titled-Tuesday-Blitz-February-27-2024"]
[Site "Chess.com"]
[Date "2024.02.27"]
[Round "9"]
[White "UK_23"]
[Black "NLLO777"]
[Result "1-0"]
[WhiteElo "2385"]
[BlackElo "2531"]
[TimeControl "180+1"]
[EndTime "9:44:45 PST"]
[Termination "UK_23 won by resignation"]

1. e4 c5 2. Nf3 d6 3. d4 cxd4 4. Qxd4 Nc6 5. Qe3 Nf6 6. h3 g6 7. Be2 Bg7 8. O-O O-O 9. Rd1 Qc7 10.
c4 Be6 11. Nc3 Rac8 12. Rb1 a6 13. b3 Rfd8 14. Bb2 Qa5 15. a3 Qc5 16. Qd2 Nd7 17.
b4 Qa7 18. Nd5 Bxb2 19. Qxb2 Bxd5 20. exd5 Nce5 21. Nxe5 Nxe5 22. c5 Nd7 23. cxd6 exd6 24. Bg4 h5 25. Bxd7 Rxd7 26. Re1 Rdc7 27. Qf6 Qb6 28.
Re2 Rc2 29. Rbe1 Rxe2 30. Rxe2 Qc7 31. Re7 Qc1+ 32. Kh2 Rf8 33. Qxd6 Qxa3 34. Rxb7 Qd3 35. Ra7 Qd4 36. Rxa6 Qxf2 37. Rc6 Re8 38. Qg3 Qd2 39.
d6 Qxb4 40. d7 Rd8 41. Rc8 Qe7 42. Qc7 1-0

[Event "Early-Titled-Tuesday-Blitz-February-27-2024"]
[Site "Chess.com"]
[Date "2024.02.27"]
[Round "9"]
[White "HelvertHernandez"]
[Black "AnaKuchava"]
[Result "1-0"]
[WhiteElo "2008"]
[BlackElo "2149"]
[TimeControl "180+1"]
[EndTime "9:44:45 PST"]
[Termination "HelvertHernandez won by checkmate"]

1. e4 c5 2. Nf3 d6 3. d4 cxd4 4. Nxd4 Nf6 5. Nc3 Nc6 6. Nb3 g6 7. f3 Bg7 8. Be3 O-O 9. Qd2 a6 10. O-O-O b5 11. g4 b4 12. Nd5 Nxd5 13. exd5 Ne5 14.
Be2 a5 15. h4 a4 16. Nd4 b3 17. cxb3 axb3 18. a3 Qc7+ 19. Kb1 Ba6 20. Rc1 Qb7 21. Nc6 Rfc8 22. Nxe5 Bxe5 23. f4 Bg7 24. Bxa6 Qxa6 25. Bd4 Rxc1+ 26. Rxc1 Rc8 27. Bxg7 Kxg7 28. Rxc8 Qxc8 29.
Qc3+ Qxc3 30. bxc3 e6 31. dxe6 fxe6 32. a4 Kf7 33. a5 Ke7 34. a6 Kd7 35. a7 Kc7 36.
a8=Q d5 37. Qh8 h5 38. Qh7+ Kd6 39. Qxg6 hxg4 40. Qxg4 Kc5 41. Qd1 Kc4 42. h5 Kxc3 43.
h6 d4 44. h7 d3 45. h8=Q+ Kc4 46. Qc8+ Kb4 47. Qxd3 e5 48. Qdc4+ Ka3 49. Qa8# 1-0

[Event "Early-Titled-Tuesday-Blitz-February-27-2024"]
[Site "Chess.com"]
[Date "2024.02.27"]
[Round "9"]
[White "santosalberto1987"]
[Black "the_blue_pill"]
[Result "0-1"]
[WhiteElo "2537"]
[BlackElo "2432"]
[TimeControl "180+1"]
[EndTime "9:44:46 PST"]
[Termination "the_blue_pill won by checkmate"]

1. e4 c5 2. Nf3 e6 3. g3 Nc6 4.
Bg2 Nf6 5. Qe2 e5 6. O-O Be7 7. c3 O-O 8. Rd1 d5 9. exd5 Nxd5 10. d3 Re8 11. Na3 Bf8 12. Nc4 f6 13. Ne3 Nf4 14. gxf4 exf4 15. Qc2 fxe3 16. fxe3 Bg4 17. e4 Ne5 18.
Qb3+ Kh8 19. Nxe5 fxe5 20. Rd2 b6 21. Qc2 Qh4 22. Rf2 Rad8 23. Be3 Be7 24. Rff1 Bg5 25. Bf2 Qh5 26. Bg3 Be2 27. Rf5 Bxd3 28. Qf2 g6 29. Rxe5 Rxe5 30. Bxe5+ Kg8 31. Bg3 Rf8 32. Qe1 c4 33. e5 Qh6 34. e6 Bd2 35. Qe5 Qe3+ 36.
Kh1 Qxe5 37. Bxe5 Re8 38. Bd5 Kf8 39. b3 Be3 40. bxc4 Rxe6 41. Bxe6 Be4# 0-1

[Event "Early-Titled-Tuesday-Blitz-February-27-2024"]
[Site "Chess.com"]
[Date "2024.02.27"]
[Round "9"]
[White "Defenstrator"]
[Black "Ariadna_Atreides"]
[Result "1-0"]
[WhiteElo "2393"]
[BlackElo "2187"]
[TimeControl "180+1"]
[EndTime "9:44:46 PST"]
[Termination "Defenstrator won by checkmate"]

1. Nf3 Nf6 2. e3 e6 3. d4 b6 4. Be2 Bb7 5. O-O Be7 6. c4 O-O 7. Nc3 Ne4 8. Qc2 f5 9. Nd2 Nxc3 10. Qxc3 d6 11. Bf3 Bxf3 12. Nxf3 Nd7 13. b4 c5 14. bxc5 bxc5 15. Rb1 Bf6 16. Qd3 g6 17. e4 cxd4 18.
exf5 Nc5 19. Qd1 gxf5 20. Nxd4 Qd7 21. Nb5 Rad8 22. Bf4 e5 23. Qd5+ Kh8 24. Be3 a6 25.
Nxd6 Na4 26. Rb7 Qxd6 27. Qa5 Qa3 28. Rb4 f4 29. Rxa4 Qb2 30. Bb6 f3 31. Bxd8 Bxd8 32.
Qd5 fxg2 33. Kxg2 Rg8+ 34. Kh1 Bg5 35. Rxa6 Bf4 36. Qf7 Bg5 37. Ra7 Qb3 38. Qxh7# 1-0

[Event "Early-Titled-Tuesday-Blitz-February-27-2024"]
[Site "Chess.com"]
[Date "2024.02.27"]
[Round "9"]
[White "Aslanov_Umid"]
[Black "orkinyo12345"]
[Result "0-1"]
[WhiteElo "2658"]
[BlackElo "2501"]
[TimeControl "180+1"]
[EndTime "9:44:47 PST"]
[Termination "orkinyo12345 won by resignation"]

1. e4 c5 2. Nf3 d6 3. d4 cxd4 4.
Nxd4 Nf6 5. Nc3 a6 6. Bc4 Nbd7 7. Bb3 e6 8. f4 Be7 9. Qe2 Nc5 10. e5 dxe5 11. fxe5 Qxd4 12. exf6 Bxf6 13. Be3 Qb4 14. Bd2 Nxb3 15. axb3 Qb6 16. Nd5 Qd8 17. c4 O-O 18. Ba5 Bh4+ 19. g3 Qd6 20. Bb4 Qc6 21. Bxf8 exd5 22. gxh4 Kxf8 23. O-O-O Be6 24. Rhf1 dxc4 25. Kb1 Re8 26. Qc2 Qb5 27. Qxh7 cxb3 28. Rde1 Bf5+ 0-1

[Event "Early-Titled-Tuesday-Blitz-February-27-2024"]
[Site "Chess.com"]
[Date "2024.02.27"]
[Round "9"]
[White "Canal_Showdrez"]
[Black "regenda"]
[Result "0-1"]
[WhiteElo "1999"]
[BlackElo "2251"]
[TimeControl "180+1"]
[EndTime "9:44:47 PST"]
[Termination "regenda won by resignation"]

1. d4 c5 2. d5 e5 3. e4 Be7 4.
c4 d6 5. Nc3 Nd7 6. f4 Bf6 7.
Nf3 Ne7 8. Bd3 O-O 9. O-O a6 10. a4 Re8 11. f5 h6 12. g4 Nf8 13. h4 g5 14. hxg5 Bxg5 15. Nxg5 hxg5 16. Bxg5 Nh7 17. Bh6 f6 18. Qf3 Kh8 19. Kf2 Ng8 20. Rh1 Nxh6 21. Rxh6 Kg7 22. Rah1 Ng5 23. Rg6+ Kf7 24. Qg2 Rh8 25. Rh2 Bd7 26. Qh1 Rxh2+ 27. Qxh2 Qh8 28. Rh6 Qg7 29. Ne2 Bxa4 30. Ng3 Bd1 31. Qh5+ Ke7 32.
Rg6 Qh8 33. Rxg5 fxg5 34. Qxg5+ Qf6 35. Qh5 Rh8 36. g5 Bxh5 37. gxf6+ Kxf6 38. Be2 Bxe2 39. Nxe2 b5 40. cxb5 axb5 41. Kf3 b4 42. Ng3 c4 43.
Kg4 c3 44. bxc3 bxc3 45. Ne2 c2 46. Kf3 Rh3+ 47. Kf2 Rh2+ 48. Ke1 Rxe2+ 49. Kxe2 c1=Q 0-1

[Event "Early-Titled-Tuesday-Blitz-February-27-2024"]
[Site "Chess.com"]
[Date "2024.02.27"]
[Round "9"]
[White "Tashik"]
[Black "nindjaxx8"]
[Result "0-1"]
[WhiteElo "2497"]
[BlackElo "2653"]
[TimeControl "180+1"]
[EndTime "9:44:48 PST"]
[Termination "nindjaxx8 won on time"]

1. c4 e6 2. Nf3 d5 3. g3 Nf6 4. Bg2 Be7 5. O-O O-O 6. b3 b6 7. Bb2 Bb7 8. cxd5 exd5 9. d4 Nbd7 10. Nc3 c6 11. Ne5 Bd6 12. f4 Qe7 13. e3 Rfd8 14.
Kh1 c5 15. g4 cxd4 16. exd4 Ne4 17. Nxe4 dxe4 18. Qe2 f5 19. gxf5 Nf6 20. Rac1 Rac8 21.
Rxc8 Rxc8 22. Rc1 Rf8 23. Kg1 Ba8 24. a3 Nd5 25. Qxe4 Bxa3 26. Nc6 Bxc6 0-1

[Event "Early-Titled-Tuesday-Blitz-February-27-2024"]
[Site "Chess.com"]
[Date "2024.02.27"]
[Round "9"]
[White "Yan_Dyomin2010"]
[Black "MaxLeto"]
[Result "1-0"]
[WhiteElo "2730"]
[BlackElo "2519"]
[TimeControl "180+1"]
[EndTime "9:44:49 PST"]
[Termination "Yan_Dyomin2010 won on time"]

1. e4 c5 2. Nf3 d6 3. d4 cxd4 4. Qxd4 a6 5. Bc4 Nc6 6. Qd3 g6 7. Nc3 Bg7 8. Bb3 Nf6 9. Bg5 O-O 10. h3 Nd7 11. Qe3 Nc5 12. Bh6 Nxb3 13. axb3 f5 14.
Bxg7 Kxg7 15. O-O Qe8 16. e5 f4 17. Qe1 Bf5 18. exd6 exd6 19. Qd2 Rd8 20. Rfe1 Qf7 21.
Nd4 Bd7 22. Nxc6 Bxc6 23. Qd4+ Kg8 24. f3 Qf5 25. Re7 Qc5 26. Rd1 Qxd4+ 27. Rxd4 Rfe8 28.
Rxe8+ Bxe8 29. Rxf4 Bc6 30. Rd4 Kf7 31. Kf2 Ke6 32.
Ne2 Rf8 33. c3 Rf5 34. b4 h5 35. Nf4+ Ke5 36. Nxg6+ Kf6 37. Nf4 Ke7 38. g4 hxg4 39.
fxg4 Re5 40. Nd3 Re6 41. Rf4 d5 42. Rf5 Rh6 43. Nf4 Kd6 44. Kg3 d4 45. cxd4 Bd7 46. Rd5+ Kc7 47. h4 Rb6 48. Rc5+ Kd6 49. Nd5 Rc6 50.
Nf6 Be6 51. Ne4+ Kd7 52. d5 Rxc5 53. Nxc5+ Kd6 54. dxe6 b6 55. Nxa6 1-0

[Event "Early-Titled-Tuesday-Blitz-February-27-2024"]
[Site "Chess.com"]
[Date "2024.02.27"]
[Round "9"]
[White "KuzubovYuriy"]
[Black "ChessQueen"]
[Result "1-0"]
[WhiteElo "2954"]
[BlackElo "2763"]
[TimeControl "180+1"]
[EndTime "9:44:50 PST"]
[Termination "KuzubovYuriy won by resignation"]

1. d4 Nf6 2. Nf3 d5 3. c4 e6 4. Nc3 dxc4 5. e4 b5 6. e5 Nd5 7. Nxb5 Nb6 8. Nc3 Be7 9. Be3 O-O 10. Qc2 Nc6 11. a3 Bb7 12. Rd1 Na5 13. Be2 f5 14. exf6 gxf6 15. Bh6 Rf7 16. Nd2 f5 17. Bf3 Qxd4 18.
Bxb7 Nxb7 19. Nf3 Qf6 20. Bg5 Qg7 21. Bxe7 Rxe7 22. O-O Nc5 23. Rfe1 Nd3 24. Re3 Kh8 25. Ne1 Nf4 26. Rg3 Qf6 27. Nf3 Nd3 28. b3 e5 29.
bxc4 e4 30. Ne1 Nxe1 31. Rxe1 Rd8 32. h3 Rd4 33. c5 Nc4 34. Nb5 f4 35. Rg4 h5 36.
Nxd4 hxg4 37. Qxc4 gxh3 38. Qd5 Re5 39. Qa8+ Kg7 40.
Rxe4 h2+ 41. Kh1 Rh5 42. Rxf4 Qa6 43. Qf8+ Kg6 44. Qf7+ Kh6 45. Rf6+ 1-0

[Event "Early-Titled-Tuesday-Blitz-February-27-2024"]
[Site "Chess.com"]
[Date "2024.02.27"]
[Round "9"]
[White "nekotyanof"]
[Black "Zhigalko_Sergei"]
[Result "0-1"]
[WhiteElo "2637"]
[BlackElo "2899"]
[TimeControl "180+1"]
[EndTime "9:44:50 PST"]
[Termination "Zhigalko_Sergei won by resignation"]

1. e4 c5 2. Nf3 Nc6 3. Bb5 Nf6 4. Bxc6 dxc6 5. d3 Bg4 6. h3 Bh5 7. g4 Bg6 8. Be3 c4 9. O-O e6 10. Nc3 Be7 11. g5 Nh5 12. dxc4 Qc7 13. Nh4 O-O 14.
Qg4 f5 15. gxf6 Nxf6 16. Qg2 Bf7 17. Rad1 Nh5 18. Qg4 Bf6 19. f4 Bxc3 20. bxc3 Nf6 21. Qg2 c5 22. e5 Nh5 23. Rd6 Rad8 24. Rfd1 b6 25. Nf3 Bg6 26. Qg5 Rde8 27. Nh4 Qb7 28.
Nxg6 hxg6 29. Qxg6 Qf3 30. R1d3 Nxf4 31. Rd7 Nxg6 0-1

[Event "Early-Titled-Tuesday-Blitz-February-27-2024"]
[Site "Chess.com"]
[Date "2024.02.27"]
[Round "9"]
[White "Pliukha_Mikhail"]
[Black "Kotlyar_K"]
[Result "0-1"]
[WhiteElo "2735"]
[BlackElo "2600"]
[TimeControl "180+1"]
[EndTime "9:44:51 PST"]
[Termination "Kotlyar_K won on time"]

1. e4 c5 2. d4 cxd4 3. Qxd4 d6 4. Qd3 Nc6 5. Nc3 Nf6 6. Nf3 Bg4 7. Be2 e6 8. O-O Be7 9. Bf4 Qa5 10. Rad1 Rd8 11. h3 Bh5 12. a3 O-O 13. Qe3 Bg6 14.
Rd2 Rd7 15. Rfd1 Rfd8 16. Bf1 h6 17. Bg3 Bh7 18. Nd4 Nxd4 19. Rxd4 d5 20. Ra4 Qc5 21.
exd5 Nxd5 22. Qxc5 Bxc5 23. Bb5 Bxc2 24. Bxd7 Nxc3 25. Bc7 Bxd1 26. Bxd8 Bxa4 0-1

[Event "Early-Titled-Tuesday-Blitz-February-27-2024"]
[Site "Chess.com"]
[Date "2024.02.27"]
[Round "9"]
[White "BilicVladimir"]
[Black "Shuvalov"]
[Result "1-0"]
[WhiteElo "2695"]
[BlackElo "2514"]
[TimeControl "180+1"]
[EndTime "9:44:51 PST"]
[Termination "BilicVladimir won on time"]

1. e4 e6 2. d4 d5 3. Nd2 c5 4.
dxc5 Bxc5 5. Nb3 Bb6 6. exd5 exd5 7. Bb5+ Nc6 8. Qe2+ Ne7 9. Be3 O-O 10. Bxb6 Qxb6 11.
O-O-O Bg4 12. Qxg4 Qxb5 13. Nf3 Rac8 14. Rhe1 Ng6 15.
Nfd4 Qa4 16. a3 Nce5 17. Qg3 Nc4 18. Kb1 Rfe8 19. h4 h5 20. Rxe8+ Rxe8 21. Qc7 Qa6 22. g3 Nge5 23. Re1 Qd6 24. Qxb7 Rb8 25. Qxa7 g6 26. Qc5 Qf6 27. Qxd5 Qxf2 28. Rxe5 Nxe5 29. Qxe5 Rd8 30. a4 Ra8 31. a5 Qf1+ 32. Ka2 Qc4 33.
Qb5 Qc8 34. Nc6 Ra6 35. Ne7+ 1-0

[Event "Early-Titled-Tuesday-Blitz-February-27-2024"]
[Site "Chess.com"]
[Date "2024.02.27"]
[Round "9"]
[White "ljuks68"]
[Black "talaicito"]
[Result "1-0"]
[WhiteElo "2415"]
[BlackElo "2282"]
[TimeControl "180+1"]
[EndTime "9:44:52 PST"]
[Termination "ljuks68 won on time"]

1. e4 c5 2. Nf3 d6 3. d4 cxd4 4.
Nxd4 Nf6 5. Nc3 g6 6. Be3 Bg7 7. f3 O-O 8. Qd2 Nc6 9. O-O-O Bd7 10. Kb1 Rc8 11. g4 h5 12. g5 Ne8 13. h4 Nc7 14. f4 Ne6 15. Nxe6 fxe6 16. Bh3 Nb4 17. Bd4 Bxd4 18.
Qxd4 Qa5 19. a3 Nc6 20. Qd3 Rxf4 21. Qc4 Qe5 22. Qa2 Kg7 23. Bf1 Nd4 24. Bd3 b5 25.
Rhe1 a5 26. Ne2 Nxe2 27. Rxe2 Rxh4 28. Qb3 a4 29. Qb4 Qc5 30. Qd2 Rg4 31. e5 d5 32.
c3 Be8 33. Rf2 1-0

[Event "Early-Titled-Tuesday-Blitz-February-27-2024"]
[Site "Chess.com"]
[Date "2024.02.27"]
[Round "9"]
[White "BozeKat"]
[Black "HanSchut"]
[Result "0-1"]
[WhiteElo "2155"]
[BlackElo "2301"]
[TimeControl "180+1"]
[EndTime "9:44:52 PST"]
[Termination "HanSchut won by resignation"]

1. d4 Nf6 2. Bg5 g6 3. Nc3 d5 4. f3 Bg7 5. e4 c6 6. Qd2 h6 7.
Bh4 O-O 8. O-O-O b5 9. exd5 Nxd5 10. Nxd5 Qxd5 11. Kb1 Be6 12. b3 Re8 13. Ne2 a5 14.
Nf4 Qd7 15. Nxe6 Qxe6 16. a3 Nd7 17. Bf2 Qd6 18. Ka2 Nf6 19. Bd3 Nd5 20. Be4 b4 21. a4 Nc3+ 22. Kb2 Nxd1+ 23. Rxd1 Rad8 24. Be3 c5 25. Ka2 cxd4 26. Bxh6 f5 27. Bd3 e5 28.
Bc4+ Kh7 29. Bg5 Rc8 30. Qf2 Rxc4 31. bxc4 Qe6 32. Kb3 Rc8 33. Qe2 e4 34. fxe4 fxe4 35. Re1 Qe5 36. Bc1 d3 37. Qxe4 Qc3+ 38. Ka2 Qxc2+ 0-1